Unix NetHack Version 3.7.0-70 Work-in-progress - last build Jan 20 2023 02:37:49 (416de4da9be3a1557180d233d1398bca634ded6a,branch:master). Game began 2023-01-22 23:05:32, ended 2023-01-22 23:15:20. Kontroller, lawful male human Knight ----- ---------# |...| |.......|# ---------------- #....| |.....>.|## -...............# #|{...# Fu.........# |..{...........|# #|..%|# ---------# ---------|----.-# #-----## # ###### # ## # # [ # # # + # # # # # # # # # # # # # # # ## # # # # ##### #### # ##### ## ################### # #--.---- ------# # # ### #---------|--- #|.....| |....|# # -|--|-- #|...........- #-.....| |...(.########+.....| #|..^........| |..){<| |....|# # |._)..| ###########-...........| |.....| |....|# # |.>).%| ## #|........(..| |.....| |....-# ##.......########### ------------- ------- ------ ------- Kontroller the Esquire St:14 Dx:8 Co:13 In:9 Wi:15 Ch:17 Lawful S:711 Dlvl:3 $:4 HP:0(32) Pw:26(26) AC:3 Xp:4/130 T:1496 Burdened Ride Latest messages: This carrot is delicious! You are still weak. What do you want to eat? [h or ?*] h This carrot is delicious! You only feel hungry now. What do you want to eat? [h or ?*] h This carrot is delicious! What do you want to eat? [h or ?*] h This carrot is delicious! The door resists! The door opens. You hear water falling on coins. You are beginning to feel hungry. You stop searching. You miss the jackal. The jackal misses the saddled pony. The saddled pony misses the jackal. The saddled pony bites the jackal. The jackal is killed! You miss the jackal. The jackal misses! You miss the jackal. The jackal bites the saddled pony. The saddled pony misses the jackal. The saddled pony misses the jackal. You miss the jackal. The jackal bites! The jackal bites! You miss the jackal. The jackal bites! You kill the jackal! You see here a jackal corpse. You have a little trouble lifting I - a jackal corpse. What do you want to eat? [hI or ?*] I This jackal corpse is fatty. You finish eating the jackal corpse. You feel tough! You must have been leading a healthy life-style. You miss the brown mold. You are suddenly very cold! You miss the brown mold. You are suddenly very cold! You joust the brown mold! You miss the brown mold. You are suddenly very cold! You hit the brown mold. You are suddenly very cold! You die... Do you want your possessions identified? [ynq] (y) y Do you want to see your attributes? [ynq] (y) q Inventory: Coins $ - 4 gold pieces Weapons a - a +1 long sword (alternate weapon; not wielded) b - a corroded +1 lance (weapon in hand) Armor d - a blessed +0 helmet (being worn) f - an uncursed +0 pair of leather gloves (being worn) e - an uncursed +0 small shield (being worn) c - an uncursed +1 ring mail (being worn) i - an uncursed +0 splint mail Comestibles h - an uncursed carrot Scrolls D - an uncursed scroll of enchant armor B - an uncursed scroll of light Potions u - a blessed potion of enlightenment r - an uncursed potion of sickness Wands j - a wand of create monster (0:0) Tools k - an uncursed sack containing 2 items Gems/Stones m - an uncursed fluorite stone q - 2 cursed garnet stones l - an uncursed worthless piece of yellow glass Contents of the sack: 77 gold pieces a cursed potion of gain ability Kontroller the Knight's attributes: Background: You were an Esquire, a level 4 male human Knight. You were lawful, on a mission for Lugh who was opposed by Brigit (neutral) and Manannan Mac Lir (chaotic). You were in the Dungeons of Doom, on level 3. You entered the dungeon 1496 turns ago. It was nighttime. There was a new moon in effect when your adventure ended. You had 130 experience points, 30 more were needed to attain level 5. Your score was 711 before end-of-game adjustments. Basics: You had 0 out of 32 hit points. You had all 26 energy points (spell power). Your armor class was 3. Your wallet contained 4 zorkmids, and you had 77 more stashed away in your pack. Autopickup was off. Final Characteristics: Your strength was 14 (limit:18/100). Your dexterity was 8 (limit:18). Your constitution was 13 (limit:18). Your intelligence was 9 (limit:18). Your wisdom was 15 (limit:18). Your charisma was 17 (limit:18). Final Status: You were riding your pony. You were not hungry. You were burdened; movement was slightly slowed. You were wielding a lance. You had basic skill with lance. Final Attributes: You were devoutly aligned. You could jump. You were warded. You are dead. Miscellaneous: You never encountered a bones level. Total elapsed playing time was 9 minutes and 47 seconds. Major events: Turn 1: Kontroller the lawful male human Knight entered the dungeon 943: attained the rank of Esquire (level 3) 1496: killed by a brown mold Vanquished creatures: 2 shriekers a kitten 2 dwarf zombies 2 iguanas an acid blob a large kobold 3 giant rats a yellow mold a red mold 2 garter snakes a gnome zombie 4 geckos 3 jackals 5 goblins 3 grid bugs 5 lichens 2 kobold zombies 2 newts 41 creatures vanquished. No species were genocided or became extinct. Voluntary challenges: You read items or engraved 1 time. You never engraved Elbereth. You never genocided any monsters. You never polymorphed an object. You never changed form. You used no wishes. Achievement: You attained the rank of Esquire. The Dungeons of Doom: levels 1 to 3 Level 1: Level 2: A sink. Level 3: <- You were here. An altar to Lugh, many fountains. Final resting place for you, killed by a brown mold. Game over: ---------- / \ / REST \ / IN \ / PEACE \ / \ | Kontroller | | 81 Au | | killed by a | | brown mold | | | | | | 2023 | *| * * * | * _________)/\\_//(\/(/\)/\//\/|_)_______ Fare thee well Kontroller the Knight... You died in The Dungeons of Doom on dungeon level 3 with 703 points, and 81 pieces of gold, after 1496 moves. You were level 4 with a maximum of 32 hit points when you died.